[Event "8th Montevideo Open 2025"]
[Site "Montevideo"]
[Date "2025.02.08"]
[Round "9.1"]
[White "Coro, Lucas"]
[Black "Mussanti, Diego"]
[Result "1-0"]
[Annotator "TA"]
[ECO "E02"]
[WhiteElo "2415"]
[BlackElo "2173"]
[PlyCount "95"]
[EventDate "2025.02.01"]
[EventType "swiss"]
[EventCountry "URU"]
[SourceTitle "playchess.com"]
[Source "ChessBase"]
[SourceQuality "1"]
[TimeControl "5400+30"]

1. Nf3 d5 2. g3 Nf6 3. Bg2 e6 4. O-O Be7 5. c4 dxc4 6. Qa4+ Nbd7 7. Qxc4 a6 8. Qc2 O-O 9. d4 c5 10. Rd1 cxd4 11. Nxd4 Qa5 12. Nc3 Nb6 13. h3 Nbd5 {[%emt 0:02:15] White is slightly better.} 14. Nxd5 Nxd5 15. Qb3 Rd8 (15... Bc5 $14) 16. Bd2 $16 Qc5 17. e4 $1 Nf6 18. Rac1 $1 Qh5 (18... Qxd4 $2 19. Ba5 $18) 19. g4 $36 {[%emt 0:01:11][%mdl 2048] White has strong initiative.} Qe5 (19... Qg6 $16 {might work better.}) 20. f4 $1 $18 Qb8 (20... Qxd4+ 21. Be3 $18) 21. Ba5 Rxd4 (21... Rd7 $142) 22. Rxd4 Qxf4 {[%emt 0:00:09] [#]} 23. Bd2 {[%emt 0:10:39] Active counter play!} Qe5 24. Be3 h6 25. Rdc4 Bd7 26. Bd4 $1 (26. Qxb7 Rb8 27. Rc8+ (27. Qxa6 Bb5 $17) 27... Bxc8 (27... Rxc8 28. Rxc8+ Bxc8 29. Qxe7 $11) 28. Rxc8+ Rxc8 29. Qxc8+ Bf8) 26... Qg5 27. Qxb7 Rd8 28. Bb6 $2 (28. Qxa6 Bb5 29. Qa7 (29. Qa5 $2 Rxd4 30. Rc8+ Kh7 $19) 29... Bxc4 $11) (28. Qa7 $18) 28... Re8 (28... Bd6 $1 $11 {remains equal.}) 29. Qa7 {[%emt 0:01:08][%cal Ob6e3] And now Be3! would win.} Bb5 (29... Bd6 $16 {was called for.}) 30. Be3 Qe5 {[%emt 0:00:24] [#]} 31. Qd4 (31. Rc8 $2 Bd6 32. R8c4 (32. Rxe8+ $2 Kh7 $19) 32... Rd8 $19 (32... Qxb2 33. Bd4 $15)) 31... Qb8 32. R4c2 Bd6 33. Kh1 Bf4 (33... Be5 {was necessary.} 34. Qa7 Qxa7 35. Bxa7 Bd3) 34. Bxf4 Qxf4 35. Qf2 Qb8 36. Rc7 {[%emt 0:00:26] Hoping for e5.} Rf8 37. Qa7 Qd8 {[%emt 0:00:13] [#]} 38. a4 $1 Bxa4 39. Qxa6 Be8 40. e5 Nd5 41. Rc8 Qg5 42. Qe2 Ne7 43. R8c5 Ng6 (43... Nd5 $142 44. Rc8 Bd7 45. Rxf8+ Kxf8) 44. b4 {[%emt 0:00:14] Strongly threatening b5.} Nh4 $2 (44... Bd7 {is a better defense.} 45. b5 Rb8) 45. Be4 Qf4 46. Qd3 (46. Rf1 $18 {and White stays clearly on top.} Qg5 47. b5) 46... Bb5 $16 47. Qd4 {[%emt 0:00:17] Threatens to win with Bh7+.} (47. Qxb5 $2 Qxe4+ 48. Kh2 Qg2#) 47... Qg3 $2 48. R5c3 {[%emt 0:00:40] Weighted Error Value: White=0.30/Black=0.28 (precise) .  Loses game:     	---       	Black=1      Missed win:     	White=2     	---        Mistake:       	---       	Black=8      Inaccurate:     	White=1     	Black=1      OK:         	White=17    	Black=11     Best:        	White=4     	Black=2      Strong:       	White=4     	---} (48. Rxb5 $2 {too greedy.} Qxh3+ 49. Kg1 Qxg4+ 50. Kh1 Nf5 $19 (50... Nf3 $2 51. Bh7+ Kxh7 52. Qxg4 $18)) 1-0

[Event "8th Montevideo Open 2025"]
[Site "Montevideo"]
[Date "2025.02.08"]
[Round "9.2"]
[White "Coppola, Claudio"]
[Black "Vazquez, Facundo"]
[Result "0-1"]
[Annotator "TA"]
[ECO "B30"]
[WhiteElo "2220"]
[BlackElo "2404"]
[PlyCount "120"]
[EventDate "2025.02.01"]
[EventType "swiss"]
[EventCountry "URU"]
[SourceTitle "playchess.com"]
[Source "ChessBase"]
[SourceQuality "1"]
[TimeControl "5400+30"]

1. e4 c5 2. Nf3 Nc6 3. d3 g6 4. g3 Bg7 5. Bg2 Nf6 6. c3 {B30: Sicilian: 2...Nc6 3 Bb5, lines without ...g6.} e5 7. O-O O-O 8. a3 {The position is equal.} d5 9. Nbd2 a5 10. a4 b6 11. exd5 Nxd5 12. Nc4 Bf5 13. Ng5 h6 14. Ne4 (14. g4 $5 Bc8 15. Ne4 $15) 14... Be6 15. Re1 Ra7 16. Qb3 $146 (16. Ned6 Rd7 17. Nb5 Nde7 18. Qe2 Bd5 {½-½ Nenezic,M (2460)-Perunovic,M (2614) SRB-chT Kragujevac 2015 (3.2)}) 16... Rd7 17. Qb5 Qc7 18. Be3 Rb8 19. Rad1 Nxe3 20. Rxe3 Ne7 21. Rc1 Qd8 22. Rd1 Nd5 23. Ree1 Nc7 24. Qb3 f5 25. Ned2 Rxd3 26. Qc2 e4 $36 {[%emt 0:00:30][%mdl 2048] Black fights for an advantage.} 27. f3 exf3 28. Bxf3 Bf7 29. Be2 Rd7 30. Nf3 Rxd1 31. Rxd1 (31. Qxd1 $15 Qxd1 32. Rxd1) 31... Qe7 32. Rd6 ({White should try} 32. Re1) 32... Re8 33. Bf1 {[%emt 0:00:30] [#]} Nd5 (33... Kh7 $1 $17 34. Rxb6 Nd5) 34. Qd2 {[%emt 0:00:30] [#]} (34. Qd3 $11 {remains equal.} Qe4 35. Qxe4 fxe4 36. Ne1) 34... Qe4 (34... Nf6 $1 $17 {[%cal Rf6e4] aiming for ...Ne4.} 35. Rxb6 Kh7) 35. Qd3 $11 Bf8 36. Rd7 Nf6 37. Ra7 Bd5 (37... Re7 $11 38. Qxe4 fxe4 39. Rxe7 Bxe7) 38. Qxe4 $14 fxe4 (38... Nxe4 $6 39. Nxb6 Be6 40. Bc4 $18 (40. Rxa5 Rd8 $16)) 39. Nh4 e3 40. Be2 g5 41. Nf5 Bxc4 42. Bxc4+ Kh8 43. Kf1 (43. Rf7 $1 $14 Ng4 (43... e2 44. Bxe2 Ne4 45. g4 $16) 44. Be2) 43... Re5 $11 44. Bd3 {[%emt 0:00:30] Black must now prevent Rf7.} c4 45. Bc2 e2+ 46. Ke1 Bc5 {[%emt 0:00:30][%cal Oc5f2] ( -> ...Bf2+!)} 47. Ra8+ $1 (47. Nxh6 Bf2+ 48. Kxf2 e1=Q+ (48... e1=B+ $2 49. Kf1 $18) 49. Kg2 Re2+ 50. Kh3 Qf1#) 47... Ng8 48. Nd4 $1 (48. Nxh6 $2 Bf2+ 49. Kxf2 e1=Q+ $19 (49... e1=B+ $2 50. Kf3 $18)) 48... Kg7 49. Nxe2 Nf6 50. Rd8 (50. Ra7+ $11 {is more appropriate.} Kf8 51. Rc7) 50... Ng4 51. Rd7+ Kf6 52. h3 Ne3 53. Bh7 h5 54. Kd2 Nf1+ 55. Kd1 Bf2 (55... Re3 $17 56. h4 Nxg3 57. hxg5+ Kxg5 (57... Ke6 $2 58. g6 $18) 58. Nxg3 Rxg3 59. Rd5+ Kg4 60. Bf5+ Kf4) 56. Bg8 Re7 (56... Nxg3 $2 {is the wrong capture.} 57. Rf7+ (57. Bxc4 Nf5 $15) 57... Kg6 58. Rxf2 $18) 57. Rxe7 Kxe7 58. Kc1 Bxg3 (58... Nxg3 59. Bxc4 g4 60. hxg4 $11) 59. Bxc4 Be5 60. Nf4 $2 Bxf4+ {[%emt 0:00:30] Weighted Error Value: White=0.24 (precise) /Black=0.12 (very precise)   Loses game:     	White=1     	---        Mistake:       	White=5     	Black=4      Inaccurate:     	White=5     	Black=3      OK:         	White=18    	Black=19     Best:        	White=6     	Black=5      Strong:       	White=2     	---} 0-1

[Event "8th Montevideo Open 2025"]
[Site "Montevideo"]
[Date "2025.02.08"]
[Round "9.4"]
[White "Hoffman, Alejandro"]
[Black "Carbone, Diego"]
[Result "1/2-1/2"]
[Annotator "TA"]
[ECO "D38"]
[WhiteElo "2368"]
[BlackElo "2216"]
[PlyCount "20"]
[EventDate "2025.02.01"]
[EventType "swiss"]
[EventCountry "URU"]
[SourceTitle "playchess.com"]
[Source "ChessBase"]
[SourceQuality "1"]
[TimeControl "5400+30"]

1. d4 d5 2. c4 e6 3. Nc3 Nf6 4. cxd5 exd5 5. Bg5 Bb4 6. Qa4+ Nc6 7. e3 h6 8. Bxf6 Qxf6 9. Nf3 O-O 10. Be2 Qg6 {[%emt 0:00:30] OK:         	White=1     	Black=1} 1/2-1/2

[Event "8th Montevideo Open 2025"]
[Site "Montevideo"]
[Date "2025.02.08"]
[Round "9.5"]
[White "Shoker, Samy"]
[Black "Meza, Anahi"]
[Result "1-0"]
[Annotator "TA"]
[ECO "A21"]
[WhiteElo "2446"]
[BlackElo "2038"]
[PlyCount "55"]
[EventDate "2025.02.01"]
[EventType "swiss"]
[EventCountry "URU"]
[SourceTitle "playchess.com"]
[Source "ChessBase"]
[SourceQuality "1"]
[TimeControl "5400+30"]

1. Nf3 f5 2. g3 Nf6 3. Bg2 d6 4. d3 e5 5. c4 Be7 6. Nc3 c6 {[%emt 0:00:30] A21: English Opening: 1...e5 2 Nc3.} 7. Rb1 O-O 8. b4 e4 {[%emt 0:00:30] White has an edge.} 9. Nd4 d5 10. O-O Qe8 $146 (10... b6 11. cxd5 Nxd5 12. Qb3 Bf6 13. dxe4 fxe4 14. Nxc6 Nxc6 15. Bxe4 Bxc3 16. Bxd5+ Kh8 17. Bxc6 {1-0 Machado,L (1758)-Andersson,C (1455) Porto Alegre op 2023 (5)}) 11. Qb3 Qf7 12. cxd5 cxd5 13. b5 {[%emt 0:00:30] Against Nc6} Bc5 14. e3 Rd8 15. Ba3 (15. dxe4 {simplifies} dxe4 16. Rd1 Qxb3 17. axb3 Bxd4 18. Rxd4 Rxd4 19. exd4 Be6 20. f3) 15... Bxa3 (15... Bxd4 $14 16. exd4 Be6) 16. Qxa3 $16 Ng4 (16... Nbd7 $16) 17. b6 ({White should play} 17. dxe4 $18 fxe4 18. Rbd1) 17... Qh5 {[%emt 0:00:30][%mdl 8192] Black cannot hold the game after this.} (17... Nc6 $16 {is a better chance.}) 18. h3 $18 {[%emt 0:00:30] White is clearly winning. Active counter play!} (18. bxa7 $2 Qxh2#) 18... Ne5 {[%emt 0:00:30] [#]} 19. Qxa7 $1 f4 20. Nxd5 ({Weaker is} 20. Qxa8 f3 $18) 20... Rxd5 (20... Rxa7 $142 21. bxa7 Nbc6 22. Nxc6 (22. a8=R f3 $11) (22. Nxf4 Nf3+ 23. Bxf3 Qa5 $18) 22... f3) 21. Qxa8 f3 22. Qxb8 Rd8 23. Rfc1 Qe8 24. Bf1 Bxh3 {[%emt 0:00:30] [#]} 25. Qxd8 $3 Qxd8 26. Bxh3 Kf7 27. Rc7+ Kg6 28. dxe4 {[%emt 0:00:30] Weighted Error Value: White=0.12 (very precise) /Black=1.43  Loses game:     	---       	Black=1      Mistake:       	White=1     	Black=3      Inaccurate:     	White=2     	Black=3      OK:         	White=4     	Black=4      Best:        	White=2     	---        Brilliant:      	White=1     	---} 1-0

[Event "8th Montevideo Open 2025"]
[Site "Montevideo"]
[Date "2025.02.08"]
[Round "9.6"]
[White "Izquierdo, Daniel"]
[Black "Roselli Mailhe, Bernardo"]
[Result "0-1"]
[Annotator "RC"]
[ECO "A48"]
[WhiteElo "2069"]
[BlackElo "2342"]
[PlyCount "42"]
[EventDate "2025.02.01"]
[EventType "swiss"]
[EventCountry "URU"]
[SourceTitle "playchess.com"]
[Source "ChessBase"]
[SourceQuality "1"]
[TimeControl "5400+30"]

1. Nf3 Nf6 2. e3 g6 3. b3 Bg7 4. Bb2 O-O 5. d4 d6 6. Nbd2 Nbd7 7. Be2 Re8 8. O-O a5 9. a4 b6 10. Re1 Bb7 11. Bd3 e5 12. e4 exd4 13. Nxd4 d5 14. exd5 Rxe1+ 15. Qxe1 Nxd5 16. Bb5 Nf4 17. Nc6 Qg5 18. Ne7+ Kf8 19. Bxg7+ Kxg7 20. g3 Re8 21. Nf5+ Qxf5 0-1

[Event "8th Montevideo Open 2025"]
[Site "Montevideo"]
[Date "2025.02.08"]
[Round "9.7"]
[White "Larrea, Manuel"]
[Black "Komarov, Leonid"]
[Result "1/2-1/2"]
[Annotator "NA"]
[ECO "C18"]
[WhiteElo "2265"]
[BlackElo "1956"]
[PlyCount "36"]
[EventDate "2025.02.01"]
[EventType "swiss"]
[EventCountry "URU"]
[SourceTitle "playchess.com"]
[Source "ChessBase"]
[SourceQuality "1"]
[TimeControl "5400+30"]

1. e4 e6 2. d4 d5 3. Nc3 Bb4 4. e5 c5 5. a3 Bxc3+ 6. bxc3 Ne7 7. Qg4 Qc7 8. Qxg7 Rg8 9. Qxh7 cxd4 10. Ne2 dxc3 11. f4 Nbc6 12. Qd3 Bd7 13. h4 Nf5 14. h5 O-O-O 15. h6 Rg6 16. h7 Rh8 17. Qxc3 Rg7 18. Qd3 Na5 1/2-1/2

[Event "8th Montevideo Open 2025"]
[Site "Montevideo"]
[Date "2025.02.08"]
[Round "9.13"]
[White "Balseca Moreno, Diego"]
[Black "Martello, Benjamin"]
[Result "1/2-1/2"]
[Annotator "NA RC"]
[ECO "A01"]
[WhiteElo "2269"]
[BlackElo "1968"]
[PlyCount "20"]
[EventDate "2025.02.01"]
[EventType "swiss"]
[EventCountry "URU"]
[SourceTitle "playchess.com"]
[Source "ChessBase"]
[SourceQuality "1"]
[TimeControl "5400+30"]

1. b3 e5 2. Bb2 Nc6 3. e3 d5 4. Bb5 Nge7 5. Bxe5 a6 6. Bxc6+ Nxc6 7. Bg3 h5 8. h4 Bf5 9. c3 Bd3 10. Ne2 Bd6 1/2-1/2

[Event "8th Montevideo Open 2025"]
[Site "Montevideo"]
[Date "2025.02.08"]
[Round "9.15"]
[White "Saralegui, Mario"]
[Black "Barandiaran, Gabriel"]
[Result "1-0"]
[Annotator "NA RC"]
[ECO "E91"]
[WhiteElo "2034"]
[BlackElo "1830"]
[PlyCount "62"]
[EventDate "2025.02.01"]
[EventType "swiss"]
[EventCountry "URU"]
[SourceTitle "playchess.com"]
[Source "ChessBase"]
[SourceQuality "1"]
[TimeControl "5400+30"]

1. d4 Nf6 2. c4 g6 3. Nc3 Bg7 4. e4 d6 5. Be2 Nbd7 6. Nf3 O-O 7. O-O c5 8. d5 Qc7 9. h3 Ne8 10. Bg5 f6 11. Bh4 Ne5 12. Bg3 Nxf3+ 13. Bxf3 f5 14. exf5 Bxf5 15. Re1 Nf6 16. Qd2 Rae8 17. Be2 Qd7 18. Bf1 Nh5 19. Bh2 Nf6 20. g4 Bxg4 21. hxg4 Qxg4+ 22. Bg2 Qxc4 23. Nd1 Qh4 24. Bg3 Qh5 25. Ne3 Nd7 26. Qe2 Qxe2 27. Rxe2 Ne5 28. Rd1 Nf3+ 29. Bxf3 Rxf3 30. Nc4 Bd4 31. Kg2 Ref8 1-0

[Event "8th Montevideo Open 2025"]
[Site "Montevideo"]
[Date "2025.02.08"]
[Round "9.16"]
[White "Sanguinetti, Eduardo"]
[Black "Pichuaga, Juan Pablo"]
[Result "0-1"]
[Annotator "NA RC"]
[ECO "C14"]
[WhiteElo "1776"]
[BlackElo "1973"]
[PlyCount "88"]
[EventDate "2025.02.01"]
[EventType "swiss"]
[EventCountry "URU"]
[SourceTitle "playchess.com"]
[Source "ChessBase"]
[SourceQuality "1"]
[TimeControl "5400+30"]

1. e4 e6 2. d4 d5 3. Nc3 Nf6 4. Bg5 Be7 5. e5 Nfd7 6. Bxe7 Qxe7 7. Nf3 a6 8. Bd3 c5 9. dxc5 Nxc5 10. O-O Nc6 11. Re1 Bd7 12. Bf1 b5 13. a3 b4 14. axb4 Nxb4 15. Nb5 O-O 16. Nbd4 a5 17. c3 Nc6 18. Nxc6 Bxc6 19. Nd4 Bd7 20. Nb3 Nxb3 21. Qxb3 Rab8 22. Qc2 a4 23. Bd3 g6 24. Qd2 Rfc8 25. Re3 Rc7 26. Rh3 Qf8 27. f4 Rcb7 28. Rb1 Rb3 29. Qc1 h5 30. Bc2 R3b7 31. Rg3 Qc5+ 32. Kh1 h4 33. Rh3 Qf2 34. Rf3 Qe2 35. Re3 Qf2 36. Rf3 Qc5 37. Rh3 Qe7 38. Kg1 Bc6 39. Rd3 Qc5+ 40. Rd4 a3 41. bxa3 Qxc3 42. Rdb4 Rxb4 43. Rxb4 Rxb4 44. axb4 Ba4 0-1

[Event "8th Montevideo Open 2025"]
[Site "Montevideo"]
[Date "2025.02.08"]
[Round "9.17"]
[White "Cayetano, Juan"]
[Black "Volpe, Agustin"]
[Result "1-0"]
[Annotator "RC"]
[ECO "B13"]
[WhiteElo "1940"]
[BlackElo "1873"]
[PlyCount "100"]
[EventDate "2025.02.01"]
[EventType "swiss"]
[EventCountry "URU"]
[SourceTitle "playchess.com"]
[Source "ChessBase"]
[SourceQuality "1"]
[TimeControl "5400+30"]

1. e4 c6 2. d4 d5 3. exd5 cxd5 4. Bd3 Nc6 5. c3 Qc7 6. Bg5 g6 7. Qf3 e6 8. Ne2 Bg7 9. h4 h6 10. Bf4 Qb6 11. b3 Nge7 12. Qg3 Qd8 13. Nd2 Bd7 14. Nf3 Qa5 15. b4 Nxb4 16. cxb4 Qxb4+ 17. Nd2 Qa4 18. O-O Bc6 19. Be5 Bxe5 20. Qxe5 Rf8 21. Rfc1 Qa3 22. Nc3 Rd8 23. Bb5 Qd6 24. Qxd6 Rxd6 25. Rab1 Nf5 26. Nf3 Ke7 27. Bxc6 bxc6 28. Rb7+ Rd7 29. Rcb1 Nd6 30. Rxd7+ Kxd7 31. Na4 Kc7 32. Nc5 Rc8 33. Ne5 Ra8 34. Na6+ Kc8 35. Rc1 Nc4 36. Nxc4 dxc4 37. Rxc4 Kb7 38. Nb4 Rc8 39. Kf1 a5 40. Nd3 Kb6 41. a4 Rc7 42. Ke2 g5 43. hxg5 hxg5 44. Ke3 f6 45. f4 gxf4+ 46. Kxf4 Rh7 47. Nc5 e5+ 48. dxe5 fxe5+ 49. Kf5 Rh5+ 50. Kg6 Rh2 1-0

[Event "8th Montevideo Open 2025"]
[Site "Montevideo"]
[Date "2025.02.08"]
[Round "9.19"]
[White "Errazola, Mauricio"]
[Black "Fabra, Nahiara"]
[Result "1-0"]
[Annotator "NA RC"]
[ECO "D02"]
[WhiteElo "1891"]
[BlackElo "1792"]
[PlyCount "69"]
[EventDate "2025.02.01"]
[EventType "swiss"]
[EventCountry "URU"]
[SourceTitle "playchess.com"]
[Source "ChessBase"]
[SourceQuality "1"]
[TimeControl "5400+30"]

1. d4 d5 2. Nf3 h6 3. c4 e6 4. g3 Nf6 5. Bg2 Bd6 6. O-O O-O 7. Qc2 b6 8. a3 Nbd7 9. b4 c5 10. cxd5 exd5 11. Rd1 cxb4 12. Nh4 Re8 13. Nf5 Bf8 14. axb4 Nb8 15. Nc3 Bxb4 16. Nb5 a5 17. Bf4 Ba6 18. Nc7 Rxe2 19. Qc1 Ra7 20. Nxa6 Nxa6 21. Nxh6+ gxh6 22. Bxh6 Nh7 23. Qf4 Qf6 24. Qg4+ Qg6 25. Qxe2 Qxh6 26. Bxd5 Qd6 27. Bc4 Nc7 28. Qg4+ Kf8 29. Rd3 Nf6 30. Qh4 b5 31. Ba2 Ncd5 32. Rc1 Rc7 33. Rxc7 Qxc7 34. Rf3 Qd6 35. Rf5 1-0

[Event "8th Montevideo Open 2025"]
[Site "Montevideo"]
[Date "2025.02.08"]
[Round "9.21"]
[White "Perez Selios, Luis"]
[Black "Curi, Gabriel"]
[Result "0-1"]
[Annotator "NA RC"]
[ECO "A43"]
[WhiteElo "1801"]
[BlackElo "2115"]
[PlyCount "105"]
[EventDate "2025.02.01"]
[EventType "swiss"]
[EventCountry "URU"]
[SourceTitle "playchess.com"]
[Source "ChessBase"]
[SourceQuality "1"]
[TimeControl "5400+30"]

1. d4 c5 2. d5 Nf6 3. Nc3 g6 4. e4 d6 5. Be2 Bg7 6. Nf3 a6 7. a4 O-O 8. O-O Bg4 9. Nd2 Bxe2 10. Qxe2 e6 11. Rd1 exd5 12. exd5 Re8 13. Qf3 b6 14. Nc4 Nfd7 15. Bf4 Ne5 16. Bxe5 Bxe5 17. g3 Nd7 18. Qd3 f5 19. Ne2 Qc7 20. Kg2 Rf8 21. f4 Bg7 22. Nc3 Bxc3 23. Qxc3 Nf6 24. b4 Ne4 25. Qb3 b5 26. Nd2 cxb4 27. Nxe4 fxe4 28. Qxb4 e3 29. Qe4 Rfe8 30. Qd3 Rac8 31. Rac1 bxa4 32. Re1 Qc5 33. Kf3 a3 34. c4 Rb8 35. Rxe3 Rxe3+ 36. Qxe3 Qxe3+ 37. Kxe3 a2 38. Ra1 Rb2 39. Kd4 Kf7 40. Kc3 Rxh2 41. Kb3 h5 42. Rxa2 Rxa2 43. Kxa2 Ke7 44. Ka3 Kd7 45. Kb4 Kc7 46. c5 dxc5+ 47. Kxc5 a5 48. d6+ Kd7 49. Kd5 a4 50. Ke5 a3 51. Kf6 a2 52. Kxg6 a1=Q 53. f5 0-1

[Event "8th Montevideo Open 2025"]
[Site "Montevideo"]
[Date "2025.02.08"]
[Round "9.22"]
[White "Manteiga, Franco"]
[Black "de los Reyes, Mauro"]
[Result "1-0"]
[Annotator "NA RC"]
[ECO "A44"]
[WhiteElo "2029"]
[BlackElo "1849"]
[PlyCount "135"]
[EventDate "2025.02.01"]
[EventType "swiss"]
[EventCountry "URU"]
[SourceTitle "playchess.com"]
[Source "ChessBase"]
[SourceQuality "1"]
[TimeControl "5400+30"]

1. d4 c5 2. d5 e5 3. e4 d6 4. Nc3 Be7 5. Nf3 Bg4 6. Be2 Bxf3 7. Bxf3 Bg5 8. O-O Bxc1 9. Qxc1 Ne7 10. Nd1 O-O 11. Ne3 Nd7 12. Nc4 Nf6 13. a4 Ng6 14. g3 h5 15. h4 Ng4 16. Bxg4 hxg4 17. Qd1 Qd7 18. Ne3 Ne7 19. c4 Rad8 20. f4 gxf3 21. Qxf3 Qh3 22. Qg2 Qxg2+ 23. Kxg2 f6 24. Rf2 g6 25. Raf1 Kg7 26. g4 Rf7 27. Kg3 Rdf8 28. h5 g5 29. Kf3 a6 30. a5 Kh6 31. Ke2 Kg7 32. Kd3 Rb8 33. Kc3 b5 34. axb6 Rxb6 35. b3 Ng8 36. Nf5+ Kh7 37. Rb2 Nh6 38. Nxh6 Kxh6 39. Ra1 Rfb7 40. Ra4 Rb8 41. Ra3 Kg7 42. Kc2 Kh6 43. Kb1 Kg7 44. Ka2 Kh6 45. Ra4 Ra8 46. Ra5 Rb4 47. Kb1 Rb6 48. Kc2 Rab8 49. Kc3 Kg7 50. Rb1 Kh6 51. Ra2 Kg7 52. Ra3 Kh6 53. Rba1 Ra8 54. Ra4 Rab8 55. R1a3 Ra8 56. b4 cxb4+ 57. Rxb4 Rxb4 58. Kxb4 Rb8+ 59. Kc3 Rb1 60. Rxa6 Rg1 61. Rxd6 Rxg4 62. c5 Rxe4 63. c6 Re1 64. Kd2 Re4 65. c7 Rc4 66. Rc6 Rd4+ 67. Ke3 Rxd5 68. c8=Q 1-0

[Event "8th Montevideo Open 2025"]
[Site "Montevideo"]
[Date "2025.02.08"]
[Round "9.24"]
[White "Lopez Betancourt, Bryan"]
[Black "Lanzilotta, Marcelo"]
[Result "0-1"]
[Annotator "RC"]
[ECO "B22"]
[WhiteElo "1897"]
[BlackElo "1958"]
[PlyCount "130"]
[EventDate "2025.02.01"]
[EventType "swiss"]
[EventCountry "URU"]
[SourceTitle "playchess.com"]
[Source "ChessBase"]
[SourceQuality "1"]
[TimeControl "5400+30"]

1. e4 c5 2. c3 d5 3. exd5 Qxd5 4. Nf3 Nc6 5. d4 Bg4 6. Be2 e6 7. O-O Nf6 8. dxc5 Bxc5 9. Nbd2 O-O 10. Qb3 a6 11. h3 Bh5 12. Rd1 b5 13. Qxd5 Nxd5 14. Ne4 Be7 15. Ng3 Bg6 16. Bd3 f5 17. Ng5 f4 18. N3e4 Bf5 19. Nf3 Rad8 20. Bc2 Rd7 21. Nd4 Nxd4 22. Rxd4 Rfd8 23. c4 Nb4 24. Rxd7 Rxd7 25. Bb3 Bxe4 26. cxb5 Bd5 27. Bxd5 Rxd5 28. Bxf4 axb5 29. Re1 Kf7 30. Re3 Rd1+ 31. Kh2 Nd5 32. Rf3 Nxf4 33. Rxf4+ Ke8 34. Rg4 Bf6 35. Rb4 Rd2 36. Rxb5 Rxf2 37. Rb6 Kd7 38. Ra6 Rxb2 39. Kg3 Bd4 40. Kf3 e5 41. g3 Rb6 42. Ra8 Ke6 43. Ke4 Rb1 44. Ra6+ Kf7 45. Rc6 Re1+ 46. Kf3 Re3+ 47. Kg4 h6 48. Rc7+ Kg6 49. Rc6+ Kh7 50. Rd6 Ra3 51. h4 Rxa2 52. Kf3 Rf2+ 53. Ke4 Rf6 54. Rd7 h5 55. Rd5 Ra6 56. Rd7 Ra3 57. Rb7 Rxg3 58. Kf5 Rg4 59. Rd7 Rxh4 60. Kg5 Rh1 61. Rc7 e4 62. Rc2 e3 63. Re2 Rg1+ 64. Kxh5 Bf6 65. Rg2 g6+ 0-1